 Dungeon Crawl Stone Soup version 0.26.1-11-gd32895ea62 (webtiles) character file.

Game seed: 14295520752798465377

60 buriedalive the Chiller (level 3, -2/19 HPs)
             Began as a Deep Elf Ice Elementalist on May 27, 2021.
             Killed by nerve-wracking pain
             ... invoked by Grinder
              (6 damage)
             ... on level 3 of the Dungeon.
             The game lasted 00:03:13 (2847 turns).

buriedalive the Chiller (Deep Elf Ice Elementalist) Turns: 2847, Time: 00:03:14

Health: -2/19      AC:  3    Str:  5    XL:     3   Next: 80%
Magic:  2/9        EV: 13    Int: 20    God:
Gold:   106        SH:  0    Dex: 15    Spells: 1/8 levels left

rFire    . . .     SeeInvis .   e - +0 dagger
rCold    + . .     Faith    .   (no shield)
rNeg     . . .     Spirit   .   f - +0 leather armour
rPois    .         Reflect  .   (no helmet)
rElec    .         Harm     .   (no cloak)
rCorr    .         Rampage  .   (no gloves)
Will     .....                  (no boots)
Stlth    ++........             (no amulet)
HPRegen  0.06/turn              n - ring of protection from cold
MPRegen  0.11/turn              (no ring)

@: frozen ramparts
A: no striking features
a: no special abilities


You were on level 3 of the Dungeon.
You visited 1 branch of the dungeon, and saw 3 of its levels.

You collected 106 gold pieces.

Inventory:

Hand Weapons
 c - a +0 whip
 e - a +0 dagger (weapon)
Missiles
 k - 63 stones
Armour
 a - a +0 robe
 f - a +0 leather armour (worn)
Jewellery
 n - a ring of protection from cold (left hand)
Scrolls
 b - 3 scrolls of identify {unknown}
 h - 2 scrolls of teleportation {unknown}
 l - a scroll of remove curse {unknown}
 m - a scroll of enchant armour {unknown}
 o - a scroll of enchant weapon {unknown}
Potions
 d - 4 potions of curing {unknown}
 g - a potion of brilliance {unknown}
 i - 2 potions of resistance {unknown}
 j - a potion of heal wounds {unknown}


   Skills:
 + Level 4.0 Dodging
 - Level 2.4 Stealth
 - Level 3.0 Spellcasting
 + Level 5.3 Ice Magic


You had one spell level left.
You knew the following spells:

 Your Spells              Type           Power        Failure   Level
a - Freeze                Ice            96%          2%          1
b - Frozen Ramparts       Ice            48%          9%          3
c - Ozocubu's Armour      Ice            24%          9%          3

Your spell library contained the following spells:

 Spells                   Type           Power        Failure   Level
 Confusing Touch          Hex            3%           56%         3
 Gell's Gravitas          Tloc           1%           56%         3
 Hailstorm                Conj/Ice       13%          63%         4
 Summon Ice Beast         Ice/Summ       13%          63%         4
 Metabolic Englaciation   Hex/Ice        6%           92%         5
 Petrify                  Tmut/Erth      3%           93%         4
 Yara's Violent Unravell  Hex/Tmut       1%           100%        5


Dungeon Overview and Level Annotations

Branches:
Dungeon (3/15)

Altars:

Annotations:
D:3 Grinder


Message History

The wall freezes Grinder but does no damage.
Grinder completely misses you.
Grinder completely resists.
The wall freezes Grinder but does no damage.
Grinder hits you.
You writhe in agony.
Your magical contamination has completely faded away.
Grinder completely resists.
The wall freezes Grinder but does no damage.
Grinder hits you but does no damage.
You can move again.
Grinder completely resists.
The wall freezes Grinder but does no damage.
Grinder hits you.
You writhe in agony.
* * * LOW HITPOINT WARNING * * *
Unknown command.
Grinder completely resists.
The wall freezes Grinder but does no damage.
Grinder gestures at you. Pain shoots through your body!
You die...

#.#. .# # #. .. #.
.# #.# .# . .# ..#
######.#5##..#
####.... .....(
#......# #..5. #@#
#..# ######5###(.#
.## ...........[.#
... .######.###..#
### #.# #..####
..# #.# #.....# #
#.. #.####.##.##.#
### #.##.........#
#.##.#.##.########


You could see Grinder.

Vanquished Creatures
  An adder (D:2)
  2 worms (D:2)
  4 dart slugs (D:1)
  4 bats
  5 giant cockroaches
  6 goblins
  A hobgoblin (D:1)
  2 jackals (D:1)
  5 kobolds
  A frilled lizard (D:1)
  4 rats (D:2)
35 creatures vanquished.

Notes
Turn   | Place    | Note
-------+----------+-------------------------------------------
     0 | D:1      | buriedalive the Deep Elf Ice Elementalist began the quest
                  | for the Orb.
     0 | D:1      | Reached XP level 1. HP: 10/10 MP: 6/6
   158 | D:1      | Reached XP level 2. HP: 13/15 MP: 4/8
   832 | D:1      | Reached skill level 5 in Ice Magic
   832 | D:1      | Reached XP level 3. HP: 19/19 MP: 4/9
  1449 | D:2      | Learned a level 3 spell: Frozen Ramparts
  1453 | D:2      | Learned a level 3 spell: Ozocubu's Armour
  2420 | D:3      | Noticed Grinder
  2421 | D:3      | Paralysed by Grinder for 7 turns
  2840 | D:3      | Paralysed by Grinder for 6 turns
  2847 | D:3      | Killed from afar by Grinder

Illustrated notes

Levels and vault maps discovered:
D:1:      wander_arrival_abandoned_jail, layout_basic, st_stairs_8
D:2:      layout_basic, chequers_arboretum, chequers_serial_rivers_room_b,
          wad_floor_pattern_untrapped
D:3:      layout_loops_ring, pdpol_wu_jian_five_deadly_venoms,
          lemuel_coloured_pillars_altar, uniq_grinder

Skill      XL: |  1  2  3 |
---------------+----------+-----
Dodging        | 3 4 |  4.0
Ice Magic      | 5 |  5.3
Stealth        | |  2.4
Spellcasting   | |  3.0

Action                   || total
-------------------------++-------
Melee: Whip              ||    20
       Unarmed           ||     2
       Dagger            ||    56
 Cast: Freeze            ||    42
       Frozen Ramparts   ||     1
 Stab: Sleeping          ||     3
Armor: Robe              ||    12
       Leather armour    ||    20
Dodge: Dodged            ||    73
